[Event "International chess holiday M11"]
[Site "?"]
[Date "2018.07.18"]
[Round "6"]
[White "Chudinovskikh, Alexander"]
[Black "Vesely, Jaromir"]
[Result "1-0"]
[ECO "C19"]
[WhiteElo "2237"]
[BlackElo "2008"]
[Annotator "Koller,Martin"]
[PlyCount "53"]
[TimeControl "240+2"]

{279MB} 1. e4 e6 2. d4 d5 3. Nc3 Bb4 4. e5 c5 5. a3 Bxc3+ 6. bxc3 Ne7 7. Nf3
Qc7 8. a4 Bd7 9. Bd3 c4 10. Be2 Qa5 11. O-O Bxa4 12. Ba3 Nbc6 13. Ng5 h6 14.
Nh3 b5 15. Qd2 O-O-O 16. Nf4 g6 17. g3 Rdg8 18. Bc5 Qd8 19. Rfb1 h5 20. Nh3 Qf8
21. Ng5 h4 22. g4 h3 23. f4 Rg7 24. Kh1 Qe8 25. Rg1 Nb8 26. Rae1 neèitelné
1-0

[Event "International chess holiday K11"]
[Site "?"]
[Date "2018.07.18"]
[Round "6"]
[White "Repa, Vaclav"]
[Black "Veselsky, Jan"]
[Result "1/2-1/2"]
[ECO "C00"]
[WhiteElo "1656"]
[BlackElo "1696"]
[Annotator "Koller,Martin"]
[PlyCount "56"]
[TimeControl "240+2"]

{279MB} 1. c4 e6 2. e4 d5 3. cxd5 exd5 4. e5 c5 5. d4 cxd4 6. Qxd4 Nc6 7. Bb5
Nge7 8. Bg5 Qa5+ 9. Nc3 Be6 10. b4 Qxb5 11. Nxb5 Nxd4 12. Nxd4 Ng6 13. a3 Rc8
14. Nxe6 fxe6 15. Nf3 Be7 16. Be3 a6 17. O-O O-O 18. Rac1 b5 19. Rfe1 Rc4 20.
Nd2 Rcc8 21. Bc5 Rfe8 22. Nb3 Bg5 23. Rcd1 Bf4 24. Bd4 Rc2 25. g3 Bg5 26. f4
Be7 27. Bc5 Rc8 28. Nd4 Bxc5 1/2-1/2

[Event "International chess holiday K11"]
[Site "?"]
[Date "2018.07.18"]
[Round "6"]
[White "Basson, Heinrich"]
[Black "Pelikan, Jaromir"]
[Result "1/2-1/2"]
[ECO "D00"]
[WhiteElo "1891"]
[BlackElo "1787"]
[Annotator "Koller,Martin"]
[PlyCount "77"]
[TimeControl "240+2"]

{279MB} 1. d4 Nf6 2. Nf3 g6 3. Bf4 Bg7 4. Nc3 d5 5. h3 O-O 6. e3 c5 7. Be2 Nc6
8. O-O cxd4 9. exd4 Ne4 10. Nb5 Bd7 11. c3 a6 12. Na3 b5 13. Nc2 Re8 14. Ne3
Bc8 15. Qb3 e6 16. a4 Bd7 17. axb5 Na5 18. Qb4 axb5 19. Bxb5 Bf8 20. Qa4 Nc6
21. Qxa8 Qxa8 22. Rxa8 Rxa8 23. Bd3 Nd6 24. Rb1 Ra2 25. b3 f6 26. Bh2 f5 27. c4
Nb4 28. Bf1 Ne4 29. Nd1 g5 30. Bc7 Bc8 31. Rc1 g4 32. hxg4 fxg4 33. Ne5 Bh6 34.
Rb1 Nd2 35. Rb2 Rxb2 36. Nxb2 Nxb3 37. Nxg4 Bg7 38. Be5 Nxd4 39. Bxg7 1/2-1/2

[Event "International chess holiday K11"]
[Site "?"]
[Date "2018.07.18"]
[Round "6"]
[White "Pokorny, Jan"]
[Black "Koper, Stefan"]
[Result "1/2-1/2"]
[ECO "B06"]
[WhiteElo "1879"]
[BlackElo "1830"]
[Annotator "Koller,Martin"]
[PlyCount "63"]
[TimeControl "240+2"]

{279MB} 1. d4 g6 2. e4 Bg7 3. c3 d5 4. Nd2 dxe4 5. Nxe4 Nd7 6. Bc4 Nb6 7. Bb3
Nh6 8. Nf3 O-O 9. O-O Nf5 10. Re1 a5 11. a4 c6 12. Bf4 Nd5 13. Be5 f6 14. Bf4
g5 15. Bg3 Nxg3 16. hxg3 b6 17. c4 Nb4 18. c5+ Kh8 19. cxb6 Qxb6 20. Nc5 e5 21.
Ne6 Bxe6 22. Bxe6 exd4 23. Bf5 d3 24. Bxd3 Rad8 25. Re3 Nxd3 26. Rxd3 Rxd3 27.
Qxd3 Qxb2 28. Rb1 Qa2 29. Rb7 Qg8 30. Qd7 c5 31. Qb5 Qd5 32. Rd7 neèitelné 1/2-1/2

[Event "International chess holiday K11"]
[Site "?"]
[Date "2018.07.18"]
[Round "6"]
[White "Docekalova, Alexandra"]
[Black "Schimmer, Michael"]
[Result "1-0"]
[ECO "B24"]
[WhiteElo "1893"]
[BlackElo "1770"]
[Annotator "Koller,Martin"]
[PlyCount "105"]
[TimeControl "240+2"]

{279MB} 1. e4 c5 2. Nc3 e6 3. f4 Nc6 4. Nf3 Nf6 5. g3 d6 6. Bg2 Be7 7. O-O O-O
8. d3 a6 9. h3 b5 10. e5 Nd5 11. Ne4 dxe5 12. fxe5 Bb7 13. Qe2 Qc7 14. Bf4 Rac8
15. c3 a5 16. Nfg5 Nxf4 17. gxf4 h6 18. Nf3 a4 19. Qf2 Nb8 20. Qg3 Nd7 21. Nf2
Kh8 22. Kh2 Nb6 23. Rg1 Nd5 24. Bh1 Rg8 25. Rae1 Qd8 26. Ne4 Bc6 27. Re2 Rc7
28. Neg5 Be8 29. Ne4 Bc6 30. Nf2 a3 31. c4 bxc4 32. dxc4 Nb6 33. b3 Bxf3 34.
Qxf3 Rd7 35. Qh5 Rd2 36. Rge1 Rf8 37. Qg4 Rxe2 38. Rxe2 Qd4 39. Ne4 Rd8 40. h4
Qd3 41. h5 Rd4 42. Rg2 Bf8 43. Nxc5 Qe3 44. Re2 Qxf4+ 45. Qxf4 Rxf4 46. Na6
Rh4+ 47. Kg1 Rxh5 48. c5 Rg5+ 49. Kf1 Rf5+ 50. Ke1 Bxc5 51. Nxc5 g5 52. Nd3 h5
53. Be4 1-0

[Event "International chess holiday M11"]
[Site "?"]
[Date "2018.07.19"]
[Round "7"]
[White "Hadzala, Daniel"]
[Black "Chmel, Kristian"]
[Result "1/2-1/2"]
[ECO "A08"]
[WhiteElo "2104"]
[BlackElo "2121"]
[Annotator "Koller,Martin"]
[PlyCount "31"]
[TimeControl "240+2"]

{279MB} 1. Nf3 Nf6 2. g3 g6 3. Bg2 Bg7 4. O-O O-O 5. d3 d5 6. Nbd2 c5 7. e4
dxe4 8. dxe4 Nc6 9. Re1 Nd7 10. Bf1 Qc7 11. c3 Rd8 12. Qc2 b6 13. a4 Bb7 14.
Nc4 Nde5 15. Nfxe5 Nxe5 16. Nxe5 1/2-1/2

[Event "International chess holiday M11"]
[Site "?"]
[Date "2018.07.19"]
[Round "7"]
[White "Yanjinlkham, Bayarsaikhan"]
[Black "Chudinovskikh, Alexander"]
[Result "1/2-1/2"]
[ECO "E46"]
[WhiteElo "1984"]
[BlackElo "2237"]
[Annotator "Koller,Martin"]
[PlyCount "26"]
[TimeControl "240+2"]

{279MB} 1. d4 Nf6 2. c4 e6 3. Nc3 Bb4 4. e3 O-O 5. Nge2 Re8 6. a3 Bf8 7. d5
exd5 8. cxd5 c5 9. Ng3 d6 10. Be2 g6 11. O-O Bg7 12. Re1 a6 13. a4 h5 1/2-1/2

[Event "International chess holiday M11"]
[Site "?"]
[Date "2018.07.19"]
[Round "7"]
[White "Vesely, Jaromir"]
[Black "Vojta, Jakub"]
[Result "0-1"]
[ECO "D07"]
[WhiteElo "2008"]
[BlackElo "2124"]
[Annotator "Koller,Martin"]
[PlyCount "60"]
[TimeControl "240+2"]

{279MB} 1. d4 d5 2. c4 Nc6 3. Nf3 Bg4 4. cxd5 Bxf3 5. dxc6 Bxc6 6. Nc3 e6 7. e4
Bb4 8. f3 Nf6 9. Be3 Qe7 10. a3 Bxc3+ 11. bxc3 O-O 12. Bd3 Rad8 13. O-O b6 14.
Bg5 h6 15. Bh4 e5 16. f4 exd4 17. e5 dxc3 18. Qc2 Qc5+ 19. Bf2 Qd5 20. Bh4 Qxd3
21. Qxd3 Rxd3 22. exf6 Rd2 23. Rf2 Rfd8 24. fxg7 Rd1+ 25. Rf1 Rxa1 26. Rxa1 Rd2
27. Be1 Rxg2+ 28. Kf1 Rxh2 29. Bxc3 Rh4 30. Rd1 Rh1+ 0-1

[Event "International chess holiday M11"]
[Site "?"]
[Date "2018.07.19"]
[Round "7"]
[White "Reichmann, Steffen"]
[Black "Mouritsen, Jan"]
[Result "1-0"]
[ECO "B07"]
[WhiteElo "1965"]
[BlackElo "1900"]
[Annotator "Koller,Martin"]
[PlyCount "52"]
[TimeControl "240+2"]

{279MB} 1. e4 d6 2. d4 Nf6 3. Nc3 g6 4. Be3 Bg7 5. f3 O-O 6. Qd2 c6 7. Bh6 b5
8. O-O-O Nbd7 9. h4 b4 10. Nce2 Qa5 11. Kb1 Nb6 12. Nc1 Na4 13. Nb3 Qb6 14. h5
a5 15. hxg6 fxg6 16. Bxg7 Kxg7 17. Qh6+ Kg8 18. e5 dxe5 19. dxe5 Nh5 20. Bc4+
e6 21. g4 Nc3+ 22. bxc3 a4 23. gxh5 axb3 24. Bxb3 Rd8 25. Ne2 Rxd1+ 26. Rxd1
gxh5 1-0

[Event "International chess holiday M11"]
[Site "?"]
[Date "2018.07.19"]
[Round "7"]
[White "Lys, Josef"]
[Black "Zacek, Petr"]
[Result "1-0"]
[ECO "D45"]
[WhiteElo "2118"]
[BlackElo "1897"]
[Annotator "Koller,Martin"]
[PlyCount "95"]
[TimeControl "240+2"]

{279MB} 1. d4 d5 2. c4 e6 3. Nc3 Nf6 4. Nf3 c6 5. e3 Bd6 6. b3 O-O 7. Bb2 Nbd7
8. Be2 Qe7 9. O-O Re8 10. Re1 dxc4 11. bxc4 e5 12. Qb3 e4 13. Nd2 Nf8 14. Nf1
h5 15. f3 g5 16. fxe4 Nxe4 17. Nxe4 Qxe4 18. Bd3 Qh4 19. e4 Ne6 20. g3 Qg4 21.
Qd1 Qxd1 22. Raxd1 Bb4 23. Re2 Nxd4 24. Bxd4 Bg4 25. Rb1 Bxe2 26. Bxe2 c5 27.
Bf6 Rxe4 28. Bxh5 Rae8 29. a3 R8e6 30. Bxg5 f6 31. Bf4 Re1 32. Rb3 Ba5 33. Rxb7
Rb6 34. Rxa7 Bc3 35. Bf7+ Kg7 36. Bd5+ Kg6 37. Bg2 f5 38. h4 Rb2 39. a4 Bd4+
40. Kh1 Ra1 41. Ra8 Rxa4 42. Rg8+ Kf7 43. Rg5 Rxc4 44. Rxf5+ Kg7 45. h5 Ra4 46.
Rd5 Ra3 47. h6+ Kh7 48. Rd8 1-0

[Event "International chess holiday K11"]
[Site "?"]
[Date "2018.07.19"]
[Round "7"]
[White "Pacovsky, Ota"]
[Black "Docekalova, Alexandra"]
[Result "1/2-1/2"]
[ECO "C00"]
[WhiteElo "1743"]
[BlackElo "1893"]
[Annotator "Koller,Martin"]
[PlyCount "41"]
[TimeControl "240+2"]

{279MB} 1. e4 e6 2. d3 d5 3. Nd2 Nf6 4. Qe2 c5 5. g3 Be7 6. Bg2 Nc6 7. Ngf3 O-O
8. O-O Qc7 9. Re1 b5 10. a4 bxa4 11. Rxa4 Bd7 12. Ra1 Nb4 13. Nf1 d4 14. Bf4
Qb6 15. Ne5 Bb5 16. c3 Nc6 17. c4 Nxe5 18. Bxe5 Bc6 19. Bxf6 Bxf6 20. e5 Be7
21. Bxc6 1/2-1/2

[Event "International chess holiday K11"]
[Site "?"]
[Date "2018.07.19"]
[Round "7"]
[White "Pelikan, Jaromir"]
[Black "Pokorny, Jan"]
[Result "1-0"]
[ECO "A46"]
[WhiteElo "1787"]
[BlackElo "1879"]
[Annotator "Koller,Martin"]
[PlyCount "65"]
[TimeControl "240+2"]

{279MB} 1. d4 Nf6 2. Bf4 d6 3. Nf3 Bg4 4. Nc3 h6 5. h3 Bf5 6. e3 Nbd7 7. Bd3
Bxd3 8. Qxd3 c5 9. d5 g5 10. Bh2 Qb6 11. O-O g4 12. hxg4 Nxg4 13. Bg3 Bg7 14.
Rab1 O-O-O 15. Qf5 Ngf6 16. e4 Kb8 17. e5 Ne8 18. Qxf7 Nxe5 19. Nxe5 Rf8 20.
Qxe7 Bxe5 21. Qxf8 Nf6 22. Qxh6 Ng4 23. Qg5 Bxg3 24. Qxg4 Be5 25. Ne4 Qc7 26.
g3 Qf7 27. c4 Rh8 28. Kg2 a5 29. b3 Ka7 30. Rh1 Rf8 31. Rh5 Bd4 32. f4 Be3 33.
Rf1 1-0

[Event "International chess holiday K11"]
[Site "?"]
[Date "2018.07.19"]
[Round "7"]
[White "Veselsky, Jan"]
[Black "Privoznik, Lubos"]
[Result "1/2-1/2"]
[ECO "D02"]
[WhiteElo "1696"]
[BlackElo "1626"]
[Annotator "Koller,Martin"]
[PlyCount "55"]
[TimeControl "240+2"]

{279MB} 1. d4 d5 2. Nf3 Nf6 3. g3 Bf5 4. Bg2 e6 5. Bg5 Nbd7 6. Nbd2 h6 7. Bf4
Nh5 8. Be3 Bd6 9. c4 c6 10. Rc1 Nhf6 11. Nb1 Bxb1 12. Rxb1 dxc4 13. Nd2 Bb4 14.
O-O Nb6 15. Rc1 Bxd2 16. Qxd2 Nbd5 17. f4 Nxe3 18. Qxe3 Nd5 19. Qe5 Qf6 20.
Qxf6 gxf6 21. Rf3 b5 22. a3 a5 23. e4 Ne7 24. e5 f5 25. b3 cxb3 26. Rxb3 Rc8
27. Rbc3 h5 28. Rc5 1/2-1/2

[Event "International chess holiday K11"]
[Site "?"]
[Date "2018.07.19"]
[Round "7"]
[White "Koper, Stefan"]
[Black "Repa, Vaclav"]
[Result "1/2-1/2"]
[ECO "D10"]
[WhiteElo "1830"]
[BlackElo "1656"]
[Annotator "Koller,Martin"]
[PlyCount "78"]
[TimeControl "240+2"]

{279MB} 1. d4 d5 2. c4 c6 3. cxd5 cxd5 4. Nc3 Bg4 5. Qb3 e6 6. Qxb7 Nd7 7. e3
Rb8 8. Qxa7 Bb4 9. Qa4 Bxc3+ 10. bxc3 Ngf6 11. Bd3 O-O 12. Ne2 Bxe2 13. Kxe2
Qc7 14. Qc2 Rfc8 15. Bd2 g6 16. g3 Nb6 17. f3 Ra8 18. Rhb1 Ra3 19. Rb3 Rca8 20.
Rxa3 Rxa3 21. Rb1 Nc4 22. Rb3 Ra8 23. Bc1 Kg7 24. e4 dxe4 25. fxe4 Ng4 26. Kf3
f5 27. Bxc4 Qxc4 28. Kg2 fxe4 29. h3 Nf6 30. Qb2 Nd7 31. a3 Rf8 32. Bf4 g5 33.
Rb4 Qd3 34. Rb7 Qf3+ 35. Kh2 Rf7 36. Rxd7 Rxd7 37. Bxg5 e3 38. Qg2 Qxg2+ 39.
Kxg2 Ra7 1/2-1/2

[Event "International chess holiday K11"]
[Site "?"]
[Date "2018.07.19"]
[Round "7"]
[White "Schimmer, Michael"]
[Black "Basson, Heinrich"]
[Result "0-1"]
[ECO "B00"]
[WhiteElo "1770"]
[BlackElo "1891"]
[Annotator "Koller,Martin"]
[PlyCount "78"]
[TimeControl "240+2"]

{279MB} 1. e4 b6 2. d4 Bb7 3. Nc3 e6 4. Bd3 Bb4 5. Bd2 Nf6 6. Qe2 Be7 7. Nf3 d6
8. O-O c5 9. e5 Nd5 10. exd6 Qxd6 11. Ne4 Qc7 12. Rfe1 Nf4 13. Bxf4 Qxf4 14. g3
Qc7 15. Neg5 Bxg5 16. Nxg5 Qe7 17. Qg4 h5 18. Qf4 Nd7 19. Bg6 O-O 20. Bxh5 g6
21. Bf3 Bxf3 22. Nxf3 cxd4 23. Qxd4 Rfd8 24. Qf4 Rac8 25. c3 Nc5 26. Qh6 Qf6
27. Ng5 Nd3 28. Re2 Rd5 29. Qh7+ Kf8 30. Ne4 Qg7 31. Qxg7+ Kxg7 32. Rf1 Rc4 33.
Nd2 Ra4 34. c4 Rd7 35. Ra1 Nxb2 36. Nf3 Nxc4 37. Rc1 b5 38. Kg2 a6 39. h4 Ra3
0-1

[Event "International chess holiday M11"]
[Site "?"]
[Date "2018.07.19"]
[Round "8"]
[White "Lys, Josef"]
[Black "Hadzala, Daniel"]
[Result "1/2-1/2"]
[ECO "A46"]
[WhiteElo "2118"]
[BlackElo "2104"]
[Annotator "Koller,Martin"]
[PlyCount "133"]
[TimeControl "240+2"]

{279MB} 1. d4 Nf6 2. Nf3 d6 3. g3 Nbd7 4. Bg2 e5 5. dxe5 dxe5 6. O-O c6 7. b3
Qc7 8. Bb2 Bc5 9. e3 O-O 10. c4 Re8 11. Qc2 a5 12. h3 Bf8 13. e4 Nc5 14. Nbd2
Nfd7 15. Rfe1 Qb6 16. Bc3 f6 17. Nf1 Ne6 18. Rad1 Bc5 19. Qb2 a4 20. b4 a3 21.
Qd2 Be7 22. c5 Qa7 23. Ne3 b6 24. cxb6 Nxb6 25. Bf1 Ba6 26. Bxa6 Qxa6 27. Qc2
Red8 28. Qb3 Kf7 29. Bxe5 Qa4 30. Qxa4 Nxa4 31. Ba1 Bxb4 32. Rxd8 Rxd8 33. Rc1
Bd2 34. Nxd2 Rxd2 35. Rc2 Ng5 36. Rxd2 Nf3+ 37. Kg2 Nxd2 38. f3 c5 39. Kf2 Nb1
40. Nc4 Nbc3 41. Nxa3 Nxa2 42. Nb5 Nb4 43. Nc3 Nb6 44. Ke2 Ke6 45. Bb2 Nc4 46.
Bc1 g6 47. Na4 Kd6 48. Bh6 Kc6 49. Bf8 Na6 50. g4 Ne5 51. Be7 Nd7 52. f4 Nc7
53. Nc3 Ne6 54. Ke3 g5 55. Ne2 gxf4+ 56. Nxf4 Ng5 57. h4 Nf7 58. Nd5 Nfe5 59.
g5 fxg5 60. hxg5 Ng6 61. Bd8 Kd6 62. Ba5 Nde5 63. Bc7+ Ke6 64. Nf6 h6 65. Bxe5
Nxe5 66. Nh7 hxg5 67. Nxg5+ 1/2-1/2

[Event "International chess holiday M11"]
[Site "?"]
[Date "2018.07.19"]
[Round "8"]
[White "Vojta, Jakub"]
[Black "Yanjinlkham, Bayarsaikhan"]
[Result "1/2-1/2"]
[ECO "A41"]
[WhiteElo "2124"]
[BlackElo "1984"]
[Annotator "Koller,Martin"]
[PlyCount "103"]
[TimeControl "240+2"]

{279MB} 1. e4 g6 2. d4 Bg7 3. Nf3 d6 4. c4 Bg4 5. Be2 Nc6 6. Be3 e5 7. d5 Bxf3
8. Bxf3 Nd4 9. Nc3 c5 10. dxc6 bxc6 11. Qa4 Kf8 12. O-O-O Ne7 13. Rd3 Qb6 14.
h4 h5 15. Qd1 Qb4 16. Bxd4 exd4 17. Rxd4 Bxd4 18. Qxd4 Rg8 19. Rd1 Rd8 20. Be2
a5 21. a3 Qb7 22. g4 hxg4 23. Bxg4 d5 24. exd5 cxd5 25. Bf3 Nf5 26. Qc5+ Qe7
27. Qxe7+ Nxe7 28. Nxd5 Nxd5 29. Bxd5 Rh8 30. Rd4 Rb8 31. Kc2 f5 32. Kc3 Rh7
33. b4 axb4+ 34. axb4 Re7 35. b5 Re2 36. f3 Ke7 37. Kb4 Rd8 38. Rd1 Rh2 39. Ra1
Rxh4 40. Kc5 Rc8+ 41. Bc6 g5 42. Ra7+ Ke6 43. b6 Rxc4+ 44. Kxc4 Rxc6+ 45. Kb5
Rc3 46. b7 Rb3+ 47. Kc5 Ke5 48. f4+ gxf4 49. Kc4 Rb1 50. Ra5+ Kd6 51. Rxf5 Rxb7
52. Rxf4 1/2-1/2

[Event "International chess holiday M11"]
[Site "?"]
[Date "2018.07.19"]
[Round "8"]
[White "Chmel, Kristian"]
[Black "Vesely, Jaromir"]
[Result "1-0"]
[ECO "B50"]
[WhiteElo "2121"]
[BlackElo "2008"]
[Annotator "Koller,Martin"]
[PlyCount "69"]
[TimeControl "240+2"]

{279MB} 1. e4 e6 2. Nf3 c5 3. b3 Nc6 4. Bb2 d6 5. d4 cxd4 6. Nxd4 Bd7 7. Nb5
Nb4 8. a3 Bxb5 9. Bxb5+ Nc6 10. O-O Nf6 11. Qf3 Rc8 12. Rd1 Qb6 13. c4 Be7 14.
Nc3 a6 15. Bxc6+ Qxc6 16. Rac1 O-O 17. g4 Nd7 18. Qe3 Ne5 19. h3 g5 20. Kh1 f5
21. gxf5 Rxf5 22. Nd5 exd5 23. cxd5 Qxc1 24. Rxc1 Rxc1+ 25. Qxc1 Rxf2 26. Bxe5
dxe5 27. Qc8+ Rf8 28. Qe6+ Rf7 29. Qxe5 Bf6 30. Qe6 Bd4 31. d6 Kg7 32. d7 Rf1+
33. Kg2 Rf2+ 34. Kg3 h5 35. Qe7+ 1-0

[Event "International chess holiday M11"]
[Site "?"]
[Date "2018.07.19"]
[Round "8"]
[White "Zacek, Petr"]
[Black "Mouritsen, Jan"]
[Result "1-0"]
[ECO "B40"]
[WhiteElo "1897"]
[BlackElo "1900"]
[Annotator "Koller,Martin"]
[PlyCount "125"]
[TimeControl "240+2"]

{279MB} 1. e4 c5 2. Nf3 e6 3. c4 Nc6 4. Nc3 d6 5. g3 Nf6 6. Bg2 Be7 7. O-O O-O
8. d3 Bd7 9. Be3 Ng4 10. Bd2 a6 11. a3 Nge5 12. Ne1 Rb8 13. f4 Ng6 14. Nc2 b5
15. b3 Bf6 16. Rb1 bxc4 17. dxc4 Na5 18. Ne3 Qc7 19. Ne2 Nc6 20. Ng4 Bd4+ 21.
Be3 Nge7 22. Nxd4 cxd4 23. Bd2 a5 24. Qc2 Qa7 25. Kh1 Rfc8 26. Nf2 d5 27. c5
Nd8 28. b4 dxe4 29. Nxe4 Nf5 30. Rfc1 axb4 31. axb4 Bc6 32. Qd3 Bb5 33. Qb3 Qd7
34. Bf3 Ba4 35. Qb2 Bc6 36. Rd1 Qb7 37. Qc2 Qb5 38. Re1 Ra8 39. Ng5 Bxf3+ 40.
Nxf3 Ra3 41. Qe4 Nc6 42. g4 Nh6 43. f5 e5 44. g5 Qd3 45. Nxe5 Qxe4+ 46. Rxe4
Nxe5 47. gxh6 Nc4 48. Rbe1 Ne3 49. Bxe3 dxe3 50. R1xe3 Rxe3 51. Rxe3 gxh6 52.
f6 Kf8 53. Kg2 Rc6 54. Rf3 Ke8 55. Kf2 Kd7 56. Ke3 Ke6 57. Kd4 Ra6 58. Kc4 Ra2
59. Rh3 Kxf6 60. Rxh6+ Kg7 61. Rh4 f5 62. c6 Rf2 63. Kb5 1-0

[Event "International chess holiday K11"]
[Site "?"]
[Date "2018.07.19"]
[Round "8"]
[White "Basson, Heinrich"]
[Black "Pacovsky, Ota"]
[Result "1-0"]
[ECO "D00"]
[WhiteElo "1891"]
[BlackElo "1743"]
[Annotator "Koller,Martin"]
[PlyCount "80"]
[TimeControl "240+2"]

{279MB} 1. d4 Nf6 2. Nf3 g6 3. Bf4 Bg7 4. Nc3 d5 5. h3 O-O 6. Nb5 Na6 7. c3 c6
8. Na3 Re8 9. e3 Nc7 10. Bd3 a6 11. Qc2 Ne6 12. Bh2 c5 13. Qe2 b5 14. dxc5 Nxc5
15. Bc2 Qb6 16. O-O b4 17. cxb4 Qxb4 18. Be5 Nh5 19. Bxg7 Nxg7 20. Qd2 Qxb2 21.
Qxd5 Qxa3 22. Qxa8 Bf5 23. Qd5 Bxc2 24. Rfc1 Qb2 25. Qxc5 Bf5 26. Qc3 Qb7 27.
Qc6 Qb2 28. Qxa6 h6 29. a4 g5 30. Qxh6 f6 31. h4 g4 32. Nd4 Be4 33. Qf4 f5 34.
Qe5 g3 35. Qxg3 e5 36. Nf3 Kh7 37. Ng5+ Kh8 38. Nxe4 fxe4 39. Rab1 Qa2 40. Rb7
Qe6 1-0

[Event "International chess holiday K11"]
[Site "?"]
[Date "2018.07.19"]
[Round "8"]
[White "Repa, Vaclav"]
[Black "Privoznik, Lubos"]
[Result "1/2-1/2"]
[ECO "A25"]
[WhiteElo "1656"]
[BlackElo "1626"]
[Annotator "Koller,Martin"]
[PlyCount "99"]
[TimeControl "240+2"]

{279MB} 1. c4 e5 2. Nc3 Nf6 3. g3 Nc6 4. Bg2 Bb4 5. a3 Bxc3 6. bxc3 d6 7. d4
O-O 8. d5 Na5 9. Qd3 Nb3 10. Rb1 Nxc1 11. Rxc1 b6 12. e4 Nd7 13. Ne2 Nc5 14.
Qe3 Ba6 15. O-O Bxc4 16. f4 Bxe2 17. Qxe2 f6 18. f5 Qc8 19. Rf3 Qa6 20. c4 Qa4
21. Rb1 Qa6 22. Bf1 Qc8 23. g4 g5 24. Re3 Kg7 25. Qe1 Rh8 26. Be2 h6 27. a4
Nxa4 28. h4 Nc5 29. h5 a5 30. Kf2 a4 31. Qb4 Qd7 32. Kf3 Ra5 33. Bd1 Rha8 34.
Ra3 Na6 35. Qc3 Nc5 36. Bc2 Qc8 37. Rb4 Kf7 38. Ke3 Ke7 39. Qb2 Qd7 40. Qc3 Kd8
41. Kf3 R8a6 42. Qb2 Qc8 43. Ke3 Qa8 44. Bd1 Qa7 45. Kf3 Qa8 46. Bc2 Ra7 47.
Qc3 Rb7 48. Qb2 Rba7 49. Qc3 Qb7 50. Qb2 1/2-1/2

[Event "International chess holiday K11"]
[Site "?"]
[Date "2018.07.19"]
[Round "8"]
[White "Koper, Stefan"]
[Black "Pelikan, Jaromir"]
[Result "0-1"]
[ECO "D85"]
[WhiteElo "1830"]
[BlackElo "1787"]
[Annotator "Koller,Martin"]
[PlyCount "130"]
[TimeControl "240+2"]

{279MB} 1. d4 Nf6 2. c4 g6 3. Nc3 d5 4. cxd5 Nxd5 5. e4 Nxc3 6. bxc3 Bg7 7. Rb1
c5 8. Nf3 Nc6 9. d5 Ne5 10. Bb5+ Bd7 11. Bxd7+ Qxd7 12. Nxe5 Bxe5 13. Qb3 O-O
14. O-O b6 15. c4 e6 16. Bh6 Rfe8 17. f4 Bd4+ 18. Kh1 exd5 19. exd5 Re3 20. Qd1
Qf5 21. Rb3 Rae8 22. Rxe3 Rxe3 23. Re1 Qd3 24. f5 Qxd1 25. Rxd1 Re2 26. d6 Re8
27. g4 f6 28. h4 Kf7 29. Bf4 Re2 30. Rd3 Rxa2 31. Be3 Ke8 32. fxg6 hxg6 33.
Bxd4 cxd4 34. Rxd4 Kd7 35. h5 Re2 36. Rf4 gxh5 37. gxh5 Re5 38. Rh4 a5 39. h6
Re8 40. h7 Rh8 41. Kg2 a4 42. Kf3 Kxd6 43. Ke4 a3 44. Kd4 a2 45. Rh1 Rxh7 46.
Rf1 f5 47. Kc3 Ra7 48. Ra1 Kc5 49. Kb2 Kxc4 50. Rc1+ Kb4 51. Ka1 Ra3 52. Rf1
Ra5 53. Rf4+ Kc3 54. Rf3+ Kd4 55. Rb3 b5 56. Rf3 Ke4 57. Rb3 f4 58. Rc3 f3 59.
Rc8 b4 60. Rc4+ Ke3 61. Rxb4 f2 62. Rb3+ Ke2 63. Rb2+ Ke1 64. Rc2 f1=Q 65. Rf2
Kxf2+ 0-1

[Event "International chess holiday K11"]
[Site "?"]
[Date "2018.07.19"]
[Round "8"]
[White "Pokorny, Jan"]
[Black "Schimmer, Michael"]
[Result "1/2-1/2"]
[ECO "A46"]
[WhiteElo "1879"]
[BlackElo "1770"]
[Annotator "Koller,Martin"]
[PlyCount "68"]
[TimeControl "240+2"]

{279MB} 1. d4 Nf6 2. Nf3 c5 3. e3 e6 4. Be2 d5 5. dxc5 Bxc5 6. O-O O-O 7. b3
Nc6 8. Bb2 Qe7 9. a3 a5 10. c3 Rd8 11. b4 axb4 12. cxb4 Bb6 13. b5 Na5 14. Nbd2
Bd7 15. Ne5 Be8 16. Nb3 Nc4 17. Bd4 Bxd4 18. Qxd4 Nxa3 19. Qb6 Ne4 20. Rac1
Rac8 21. Na5 Nc3 22. Bd3 Naxb5 23. Qxb7 Rc7 24. Qb6 Rdc8 25. Bxb5 Nxb5 26. Nec6
Bxc6 27. Nxc6 Qd6 28. Qxb5 Rxc6 29. Ra1 Rb6 30. Qd3 h6 31. Ra7 Qc5 32. Rfa1 Rb4
33. g3 Rc4 34. Qd2 Qc6 neèitelné 1/2-1/2

[Event "International chess holiday K11"]
[Site "?"]
[Date "2018.07.19"]
[Round "8"]
[White "Docekalova, Alexandra"]
[Black "Veselsky, Jan"]
[Result "1-0"]
[ECO "A13"]
[WhiteElo "1893"]
[BlackElo "1696"]
[Annotator "Koller,Martin"]
[PlyCount "119"]
[TimeControl "240+2"]

{279MB} 1. e3 b6 2. d4 e6 3. Nf3 Bb7 4. Be2 Nf6 5. O-O c5 6. b3 Nc6 7. Bb2 Be7
8. c4 O-O 9. Nc3 d5 10. dxc5 dxc4 11. cxb6 Qxb6 12. Bxc4 Rfd8 13. Qe2 Na5 14.
Na4 Qc7 15. Bd3 Rac8 16. Rac1 Qb8 17. Ba6 Nc6 18. Bxb7 Qxb7 19. Nd4 Nb4 20. a3
Nbd5 21. Qb5 Rb8 22. Qxb7 Rxb7 23. Nc6 Re8 24. Nxe7+ Nxe7 25. Nc5 Rb5 26. a4
Rb4 27. Bc3 Rg4 28. Bd4 Nf5 29. Be5 Rd8 30. Rfd1 Rc8 31. Na6 Re8 32. Rc7 h5 33.
Rxa7 Nh4 34. Bg3 Nf5 35. Kf1 Ne4 36. Rdd7 Rf8 37. Bc7 Nf6 38. Rd8 Nh4 39. Rxf8+
Kxf8 40. Bd6+ Kg8 41. f3 Rg5 42. Bg3 Nf5 43. Bf4 Rg6 44. e4 Nd4 45. b4 Nc6 46.
Ra8+ Kh7 47. b5 Nd4 48. b6 Nd7 49. b7 e5 50. Bxe5 Nc6 51. b8=Q Ncxb8 52. Bxb8
Rb6 53. Bc7 Rb1+ 54. Kf2 Ra1 55. a5 Kg6 56. e5 Kf5 57. Rd8 Nxe5 58. Rd5 f6 59.
Bxe5 fxe5 60. Nc7 1-0

[Event "International chess holiday M11"]
[Site "?"]
[Date "2018.07.20"]
[Round "9"]
[White "Yanjinlkham, Bayarsaikhan"]
[Black "Chmel, Kristian"]
[Result "1/2-1/2"]
[ECO "D25"]
[WhiteElo "1984"]
[BlackElo "2121"]
[Annotator "Koller,Martin"]
[PlyCount "56"]
[TimeControl "240+2"]

{279MB} 1. d4 d5 2. Nf3 Nf6 3. c4 dxc4 4. e3 g6 5. Bxc4 Bg7 6. Ne5 O-O 7. Qb3
e6 8. Nd2 Nbd7 9. Ndf3 Nxe5 10. Nxe5 c5 11. Qd3 cxd4 12. exd4 Nd7 13. Bf4 Nb6
14. Bb3 a5 15. a3 a4 16. Ba2 Nd5 17. Bg3 f5 18. f4 Qb6 19. Bxd5 Qa5+ 20. Qc3
Qxd5 21. O-O b5 22. Qc5 Bb7 23. Qxd5 Bxd5 24. Rac1 Rfc8 25. Rfd1 Bb3 26. Re1
Bd5 27. Bh4 Bxe5 28. dxe5 Kf7 1/2-1/2

[Event "International chess holiday M11"]
[Site "?"]
[Date "2018.07.20"]
[Round "9"]
[White "Reichmann, Steffen"]
[Black "Vojta, Jakub"]
[Result "*"]
[ECO "B20"]
[WhiteElo "1965"]
[BlackElo "2124"]
[Annotator "Koller,Martin"]
[PlyCount "114"]
[TimeControl "240+2"]

{279MB} 1. e4 c5 2. a3 g6 3. c3 Bg7 4. Nf3 Nc6 5. d4 cxd4 6. cxd4 d6 7. Be3 Nf6
8. Nc3 O-O 9. Be2 a6 10. O-O b5 11. Qd2 Re8 12. h3 Bb7 13. Bg5 Na5 14. Qe3 Rc8
15. Nd2 Qb6 16. b4 Nc4 17. Nxc4 bxc4 18. Rac1 Rc7 19. f3 Ng4 20. Qd2 Qxd4+ 21.
Qxd4 Bxd4+ 22. Kh1 Nf2+ 23. Kh2 f6 24. Bd2 Nd3 25. Bxd3 cxd3 26. Nd5 Rc2 27.
Be3 Bb2 28. Rxc2 dxc2 29. Bc1 Bxc1 30. Rxc1 Bxd5 31. exd5 Rc8 32. Kg3 Kf7 33.
Kf2 e6 34. dxe6+ Kxe6 35. Ke2 Ke5 36. Kd2 Kd4 37. Rxc2 Rxc2+ 38. Kxc2 Kc4 39.
h4 f5 40. g3 h6 41. f4 h5 42. Kb2 d5 43. Kc2 d4 44. Kd2 Kb3 45. Kd3 Kxa3 46.
Kxd4 Kxb4 47. Ke5 a5 48. Kf6 a4 49. Kxg6 a3 50. Kxf5 a2 51. Kg5 a1=Q 52. Kxh5
Kc5 53. f5 Qf6 54. Kg4 Kd5 55. Kf4 Qh6+ 56. Kf3 Ke5 57. g4 Qf4+ *